[ AOE2 MATCH · #494821191 ]
UnrankedMongols vs Spanish
Player's team · LOSS
Rival team · WIN
[ REPLAY ANALYSIS · EXTRACTED FROM THE RECORDED GAME ]
Feudal
7:33
Castle
24:00
Imperial
—
| APM avg | 96.3 |
| APM peak | 172 |
| eAPM avg | 61.3 |
| Villagers / military | 68 / 22 |
Focus
⚔️ 57.4% · 🌾 42.6%
Archer ×22
Feudal
8:33
Castle
22:38
Imperial
—
| APM avg | 64.6 |
| APM peak | 109 |
| eAPM avg | 48.0 |
| Villagers / military | 75 / 4 |
Focus
⚔️ 52.1% · 🌾 47.9%
Conquistador ×4
Match map
Initial resources + every placement click. Lines = walls · curves = elevation contours. ◆ gold · ⬟ stone · ● berries · ✦ relic · ◌ wall gap
Your base· ✓ Closed at 24:00 · 10t walls · 1 gate(s)
jcdanzig's base· ✓ Closed at 22:38 · 6t walls · 3 gate(s)
Smoothed initial terrain · ◌ = detected wall gap · hover for details
Inputs per minute
— OS+ | NecksZy - - jcdanzig
Build order — OS+ | NecksZy
150 actions detected in the replay
| 0:00 | Create | Villager (Male) |
| 0:00 | Create | Villager (Male) |
| 0:01 | Build | House |
| 0:02 | Build | House |
| 0:22 | Create | Villager (Male) |
| 0:22 | Create | Villager (Male) |
| 1:08 | Create | Villager (Male) |
| 1:42 | Build | Lumber Camp |
| 1:50 | Create | Villager (Male) |
| 2:07 | Create | Villager (Male) |
| 2:14 | Create | Villager (Male) |
| 2:14 | Create | Villager (Male) |
| 2:27 | Create | Villager (Male) |
| 2:50 | Create | Villager (Male) |
| 2:51 | Create | Villager (Male) |
| 3:05 | Create | Villager (Male) |
| 3:46 | Build | Mill |
| 4:12 | Create | Villager (Male) |
| 4:42 | Create | Villager (Male) |
| 4:45 | Research | Loom |
| 4:47 | Build | House |
| 5:23 | Research | Feudal Age |
| 5:23 | Research | Feudal Age |
| 6:24 | Build | Barracks |
| 6:31 | Create | Villager (Male) |
| 6:56 | Create | Villager (Male) |
| 7:33 | Build | House |
| 7:33 | Age | Feudal Age |
| 7:39 | Create | Villager (Male) |
| 7:44 | Build | Archery Range |
| 8:00 | Research | Double-Bit Axe |
| 8:19 | Build | House |
| 8:30 | Build | Palisade Wall |
| 8:34 | Create | Archer |
| 8:35 | Create | Villager (Male) |
| 8:54 | Build | Stone Wall |
| 9:04 | Build | Stone Wall |
| 9:07 | Create | Villager (Male) |
| 9:20 | Build | Watch Tower |
| 9:22 | Create | Villager (Male) |
| 9:28 | Build | Mining Camp |
| 9:47 | Create | Villager (Male) |
| 10:24 | Create | Villager (Male) |
| 10:28 | Build | Stone Wall |
| 10:28 | Build | Stone Wall |
| 10:29 | Build | Stone Wall |
| 10:51 | Create | Villager (Male) |
| 11:00 | Create | Archer |
| 11:01 | Create | Villager (Male) |
| 11:30 | Build | Farm |
| 11:30 | Build | Farm |
| 11:34 | Build | Mining Camp |
| 11:38 | Create | Archer |
| 11:40 | Create | Villager (Male) |
| 11:40 | Create | Villager (Male) |
| 11:45 | Build | Farm |
| 11:56 | Create | Archer |
| 12:00 | Build | House |
| 12:12 | Build | Farm |
| 12:13 | Create | Villager (Male) |
| 12:18 | Create | Archer |
| 12:40 | Create | Villager (Male) |
| 12:40 | Create | Villager (Male) |
| 12:56 | Build | Farm |
| 13:04 | Create | Villager (Male) |
| 13:13 | Build | Watch Tower |
| 13:16 | Build | Blacksmith |
| 13:22 | Create | Archer |
| 13:26 | Create | Villager (Male) |
| 13:26 | Create | Villager (Male) |
| 13:58 | Create | Villager (Male) |
| 13:58 | Create | Villager (Male) |
| 14:13 | Build | House |
| 14:18 | Research | Fletching |
| 14:29 | Build | Farm |
| 14:30 | Build | Farm |
| 14:35 | Build | Farm |
| 14:37 | Build | Farm |
| 14:37 | Create | Villager (Male) |
| 14:38 | Create | Villager (Male) |
| 15:05 | Create | Villager (Male) |
| 15:07 | Build | Farm |
| 15:08 | Build | Farm |
| 15:08 | Build | Farm |
| 15:20 | Build | Farm |
| 15:22 | Create | Archer |
| 15:23 | Create | Villager (Male) |
| 15:51 | Create | Villager (Male) |
| 15:51 | Create | Villager (Male) |
| 15:53 | Build | Palisade Wall |
| 16:09 | Create | Villager (Male) |
| 16:14 | Build | House |
| 16:24 | Create | Villager (Male) |
| 16:25 | Create | Villager (Male) |
| 16:45 | Create | Villager (Male) |
| 16:47 | Create | Archer |
| 16:48 | Create | Archer |
| 17:06 | Create | Archer |
| 17:07 | Create | Villager (Male) |
| 17:10 | Build | Farm |
| 17:20 | Build | Farm |
| 17:21 | Create | Archer |
| 17:22 | Create | Villager (Male) |
| 17:22 | Create | Villager (Male) |
| 17:38 | Create | Villager (Male) |
| 17:45 | Create | Archer |
| 18:01 | Create | Archer |
| 18:10 | Build | Stone Wall |
| 18:35 | Create | Villager (Male) |
| 18:35 | Create | Villager (Male) |
| 18:36 | Create | Villager (Male) |
| 18:48 | Create | Villager (Male) |
| 18:48 | Create | Villager (Male) |
| 18:53 | Build | Farm |
| 19:07 | Create | Archer |
| 19:10 | Build | Farm |
| 19:11 | Build | Farm |
| 19:28 | Build | Farm |
| 19:29 | Build | Farm |
| 19:43 | Create | Villager (Male) |
| 19:49 | Create | Archer |
| 19:58 | Build | Watch Tower |
| 20:09 | Build | Market |
| 20:14 | Create | Villager (Male) |
| 20:42 | Create | Villager (Male) |
| 20:53 | Create | Archer |
| 21:20 | Research | Castle Age |
| 21:21 | Research | Castle Age |
| 21:37 | Create | Archer |
| 21:41 | Build | House |
| 22:05 | Create | Archer |
| 22:12 | Build | House |
| 22:13 | Build | House |
| 22:15 | Build | House |
| 22:38 | Create | Archer |
| 23:19 | Create | Villager (Male) |
| 23:19 | Create | Villager (Male) |
| 23:35 | Create | Villager (Male) |
| 23:36 | Create | Villager (Male) |
| 23:36 | Create | Villager (Male) |
| 23:38 | Create | Archer |
| 23:38 | Create | Archer |
| 23:39 | Create | Archer |
| 23:58 | Create | Villager (Male) |
| 23:58 | Create | Villager (Male) |
| 23:58 | Create | Villager (Male) |
| 24:00 | Age | Castle Age |
| 24:06 | Create | Villager (Male) |
| 25:06 | Create | Villager (Male) |
| 25:06 | Create | Villager (Male) |
Build order — jcdanzig
135 actions detected in the replay
| 0:00 | Create | Villager (Male) |
| 0:01 | Create | Villager (Male) |
| 0:02 | Build | House |
| 0:02 | Build | House |
| 0:12 | Create | Villager (Male) |
| 0:12 | Create | Villager (Male) |
| 1:22 | Create | Villager (Male) |
| 1:43 | Build | Lumber Camp |
| 1:54 | Create | Villager (Male) |
| 2:12 | Build | House |
| 2:18 | Create | Villager (Male) |
| 2:50 | Create | Villager (Male) |
| 2:51 | Create | Villager (Male) |
| 3:15 | Create | Villager (Male) |
| 3:35 | Create | Villager (Male) |
| 4:07 | Create | Villager (Male) |
| 4:30 | Create | Villager (Male) |
| 4:48 | Create | Villager (Male) |
| 4:49 | Create | Villager (Male) |
| 4:52 | Create | Villager (Male) |
| 5:02 | Create | Villager (Male) |
| 5:24 | Build | Mining Camp |
| 6:23 | Research | Feudal Age |
| 7:00 | Research | Loom |
| 7:03 | Build | Mill |
| 7:52 | Build | Palisade Wall |
| 8:02 | Create | Villager (Male) |
| 8:33 | Age | Feudal Age |
| 8:34 | Build | Watch Tower |
| 8:38 | Create | Villager (Male) |
| 8:41 | Build | Watch Tower |
| 8:55 | Create | Villager (Male) |
| 9:03 | Create | Villager (Male) |
| 9:04 | Create | Villager (Male) |
| 9:21 | Create | Villager (Male) |
| 9:43 | Build | Blacksmith |
| 9:58 | Create | Villager (Male) |
| 9:58 | Create | Villager (Male) |
| 9:58 | Create | Villager (Male) |
| 10:00 | Build | House |
| 10:19 | Create | Villager (Male) |
| 10:25 | Research | Fletching |
| 10:49 | Create | Villager (Male) |
| 10:55 | Create | Villager (Male) |
| 10:55 | Create | Villager (Male) |
| 10:57 | Build | Farm |
| 11:32 | Build | Watch Tower |
| 11:45 | Build | House |
| 11:47 | Build | Farm |
| 11:57 | Create | Villager (Male) |
| 12:12 | Build | Watch Tower |
| 12:14 | Create | Villager (Male) |
| 12:24 | Build | Farm |
| 12:59 | Create | Villager (Male) |
| 13:01 | Build | Farm |
| 13:04 | Build | Farm |
| 13:18 | Create | Villager (Male) |
| 13:19 | Create | Villager (Male) |
| 13:21 | Build | Farm |
| 13:25 | Build | House |
| 13:26 | Build | House |
| 13:30 | Build | Watch Tower |
| 14:15 | Build | House |
| 14:20 | Create | Villager (Male) |
| 14:21 | Create | Villager (Male) |
| 14:23 | Build | Farm |
| 14:36 | Create | Villager (Male) |
| 15:04 | Build | Farm |
| 15:05 | Create | Villager (Male) |
| 15:06 | Build | Mill |
| 15:22 | Create | Villager (Male) |
| 15:48 | Build | Stone Wall |
| 15:49 | Build | Stone Wall |
| 15:58 | Build | Stone Wall |
| 16:37 | Create | Villager (Male) |
| 16:49 | Create | Villager (Male) |
| 16:49 | Create | Villager (Male) |
| 16:49 | Create | Villager (Male) |
| 16:50 | Create | Villager (Male) |
| 16:50 | Create | Villager (Male) |
| 17:00 | Create | Villager (Male) |
| 17:02 | Create | Villager (Male) |
| 17:04 | Build | Farm |
| 17:04 | Build | Farm |
| 17:05 | Create | Villager (Male) |
| 17:26 | Create | Villager (Male) |
| 17:26 | Create | Villager (Male) |
| 17:26 | Create | Villager (Male) |
| 17:28 | Build | Market |
| 18:02 | Build | Farm |
| 18:02 | Create | Villager (Male) |
| 18:14 | Build | Watch Tower |
| 18:57 | Build | Watch Tower |
| 18:58 | Build | Stone Wall |
| 19:11 | Create | Villager (Male) |
| 19:12 | Build | Mining Camp |
| 19:13 | Create | Villager (Male) |
| 19:13 | Create | Villager (Male) |
| 19:46 | Build | Farm |
| 19:58 | Research | Castle Age |
| 21:21 | Build | Watch Tower |
| 21:31 | Build | Watch Tower |
| 22:38 | Age | Castle Age |
| 22:42 | Research | Bodkin Arrow |
| 22:46 | Create | Villager (Male) |
| 22:47 | Create | Villager (Male) |
| 22:53 | Build | Stone Wall |
| 22:55 | Build | Stone Wall |
| 22:58 | Build | Stone Wall |
| 23:03 | Create | Villager (Male) |
| 23:04 | Create | Villager (Male) |
| 23:04 | Create | Villager (Male) |
| 23:10 | Create | Villager (Male) |
| 23:10 | Create | Villager (Male) |
| 23:12 | Build | University |
| 23:29 | Create | Villager (Male) |
| 23:29 | Create | Villager (Male) |
| 23:32 | Build | Castle |
| 24:12 | Create | Villager (Male) |
| 24:13 | Create | Villager (Male) |
| 24:13 | Create | Villager (Male) |
| 24:17 | Create | Villager (Male) |
| 24:28 | Create | Villager (Male) |
| 24:28 | Create | Villager (Male) |
| 24:42 | Build | Farm |
| 24:42 | Build | Farm |
| 24:45 | Create | Villager (Male) |
| 24:53 | Create | Conquistador |
| 24:54 | Create | Conquistador |
| 24:54 | Create | Conquistador |
| 24:54 | Create | Conquistador |
| 25:04 | Build | Mining Camp |
| 25:05 | Create | Villager (Male) |
| 25:06 | Create | Villager (Male) |
| 25:06 | Create | Villager (Male) |
Match timeline
| 6:24 | OS+ | NecksZy · first_building Barracks |
| 7:33 | OS+ | NecksZy · age_up feudal |
| 7:44 | OS+ | NecksZy · first_building Archery Range |
| 7:52 | jcdanzig · wall_segment Palisade Wall x2 |
| 8:30 | OS+ | NecksZy · wall_segment Palisade Wall x5 |
| 8:33 | jcdanzig · age_up feudal |
| 8:54 | OS+ | NecksZy · wall_segment Stone Wall x1 |
| 9:04 | OS+ | NecksZy · wall_segment Stone Wall x1 |
| 10:28 | OS+ | NecksZy · wall_segment Stone Wall x1 |
| 10:28 | OS+ | NecksZy · wall_segment Stone Wall x1 |
| 10:29 | OS+ | NecksZy · wall_segment Stone Wall x1 |
| 15:48 | jcdanzig · wall_segment Stone Wall x1 |
| 15:49 | jcdanzig · wall_segment Stone Wall x1 |
| 15:53 | OS+ | NecksZy · wall_segment Palisade Wall x1 |
| 15:58 | jcdanzig · wall_segment Stone Wall x1 |
| 18:10 | OS+ | NecksZy · wall_segment Stone Wall x1 |
| 18:58 | jcdanzig · wall_segment Stone Wall x1 |
| 19:58 | jcdanzig · first_market_sell 100 stone |
| 21:18 | OS+ | NecksZy · first_market_buy 100 food |
| 21:20 | OS+ | NecksZy · first_market_sell 500 wood |
| 22:38 | jcdanzig · age_up castle |
| 22:40 | jcdanzig · first_market_buy 100 stone |
| 22:53 | jcdanzig · wall_segment Stone Wall x1 |
| 22:55 | jcdanzig · wall_segment Stone Wall x1 |
| 22:58 | jcdanzig · wall_segment Stone Wall x1 |
| 23:32 | jcdanzig · first_building Castle |
| 24:00 | OS+ | NecksZy · age_up castle |
| 25:09 | OS+ | NecksZy · resign |
[ AI ANALYSIS · 1 CREDIT ]
What really happened in this match?
Wolo.gg analyzes every decision: build order, eco, micro, common mistakes by bracket. Personalized analysis on WhatsApp or Discord in 30 seconds.
Civ guide
Mongols
Perfil
Jugador #2709266